Cogmind - Beta 14 @@@ ROGUE MODE // 2025.03.28 @ 17:11:07 Player: Zoe Result: Destroyed by QG-RHI(R) with Subdweller Laser Performance ------------- Evolutions (0) 0 Regions Visited (2) 400 Robots Destroyed (23) 115 Value Destroyed (736) 736 Prototype IDs (0) 0 Alien Tech Used (0) 0 Bonus (16) 16 TOTAL SCORE: 1267 Bonus ------- High Alert Combat Kills 16 Cogmind --------- Core Integrity 0/250 Matter 265/300 Energy 200/200 System Corruption 2% Temperature Cool (6) Movement Walking (120) Location -10/Subcaves Parts ------- > --- POWER (1) -------- Subdweller Power Source > --- PROPULSION (2) --- Aluminum Leg Aluminum Leg (fused) > --- UTILITY (2) ------ Small Storage Unit Seismic Detector > --- WEAPON (2) ------- Small Laser Grenade Launcher > --- INVENTORY (8) ---- Aluminum Leg Peak State ------------ > --- POWER ------------ Ion Engine > --- PROPULSION ------- Aluminum Leg Aluminum Leg > --- UTILITY ---------- Small Storage Unit Seismic Detector > --- WEAPON ----------- Small Laser Particle Gun > --- INVENTORY -------- Aluminum Leg Grenade Launcher [Rating: 8] Favorites ----------- Power Ion Engine Engine Ion Engine Propulsion Light Treads Treads Light Treads Leg Aluminum Leg Utility Small Storage Unit Device Seismic Detector Storage Small Storage Unit Weapon Small Laser Energy Gun Small Laser Launcher Grenade Launcher Build | -11 -10 -10 ------- Run | Yrd Mat Sub Slots Evolved . | . . . Power . | . . . Propulsion . | . . . Utility . | . . . Weapon . | . . . Parts Attached 20 | 6 11 3 Power 4 | 1 2 1 Engine 4 | 1 2 1 Core . | . . . Reactor . | . . . Propulsion 5 | 2 3 . Treads 3 | 2 1 . Leg 2 | . 2 . Wheel . | . . . Hover . | . . . Flight . | . . . Utility 2 | 1 1 . Device 1 | . 1 . Storage 1 | 1 . . Processor . | . . . Hackware . | . . . Protection . | . . . Artifact . | . . . Weapon 9 | 2 5 2 Energy Gun 8 | 2 5 1 Energy Cannon . | . . . Ballistic Gun . | . . . Ballistic Cannon . | . . . Launcher 1 | . . 1 Special Weapon . | . . . Impact Weapon . | . . . Slashing Weapon . | . . . Piercing Weapon . | . . . Special Melee Weapon . | . . . Unidentified Prototypes . | . . . Parts Lost 10 | . 7 3 Power 3 | . 2 1 Propulsion 2 | . 2 . Utility . | . . . Weapon 5 | . 3 2 Highest Loss Streak 5 | . 5 3 To Critical Strikes . | . . . Average Slot Usage (%) 86 | . 80 98 Engine 13 | . 13 13 Treads 14 | . 21 . Leg 12 | . 4 28 Device 6 | . 2 14 Storage 14 | . 14 14 Energy Gun 22 | . 22 22 Launcher 1 | . . 4 Peak Build Rating 8 | 6 8 8 Average Rating 6 | 4 5 7 On Entrance 4 | . 6 8 Naked Turns . | . . . Heaviest Build 15 | 11 15 15 Greatest Support 40 | 40 40 20 Greatest Overweight (x) 2 | . 2 . Average Overweight (x) . | . . . Largest Inventory Capacity 8 | 8 8 8 Average Capacity 7 | 6 8 8 Most Carried 3 | 1 3 3 Average Carried 1 | . 1 2 Final Capacity 8 | 8 8 8 Final Carried 3 | 1 3 1 Class Distribution -------------------- 54% | Mutant 45% | Scavenger-Mutant Dominant Class ---------------- Mutant | -10/Materials Scavenger-Mutant | -10/Subcaves Resources | -11 -10 -10 ----------- Run | Yrd Mat Sub Matter Collected 425 | 140 249 36 Remotely . | . . . Salvage Created 846 | . 769 77 Parts 46 | . 40 6 Haulers Intercepted . | . . . Recyclers Shooed . | . . . Parts Field Recycled . | . . . Retrieved Matter . | . . . Parts Self-Destructed . | . . . Prevented . | . . . Kills | -11 -10 -10 ------- Run | Yrd Mat Sub Combat Hostiles Destroyed 22 | . 19 3 Guns 20 | . 19 1 AOE 2 | . . 2 Classes Destroyed 4 | . 3 1 Watcher 1 | . 1 . Swarmer 3 | . 3 . Grunt 16 | . 16 . Subdweller 3 | . . 3 Best Kill Streak 3 | . 3 1 Combat Bots Only 3 | . 3 1 Max Kills in Single Turn 1 | . 1 1 Gunslinging . | . . . Exploded 1 | . . 1 Melee . | . . . Uniques/NPCs Destroyed . | . . . Combat | -11 -10 -10 -------- Run | Yrd Mat Sub Hostile Shots Fired 133 | . 101 32 Missed 39 | . 28 11 Damage Taken 1298 | . 840 458 Core 264 | . 172 92 Absorbed by Shields . | . . . Core Remaining (%) 100 | 100 . . Volleys Fired 112 | . 87 25 Largest 2 | . 2 2 Hottest 105 | . 80 105 Shots Fired 170 | . 127 43 Gun 165 | . 127 38 Cannon . | . . . Launcher 5 | . . 5 Special . | . . . Kinetic . | . . . Thermal 130 | . 92 38 Explosive 5 | . . 5 Electromagnetic 35 | . 35 . Robot Hit Streak 15 | . 12 15 Robot Miss Streak 4 | . 4 2 Penetration Max . | . . . Secondary Targets 1 | . 1 . Max Gunslinging Chain 1 | . 1 . Shots Hit Robots 118 | . 86 32 Core Hits 44 | . 36 8 Critical Kills . | . . . Critical Parts Destroyed . | . . . Critical Strikes . | . . . Melee Attacks . | . . . Impact . | . . . Slashing . | . . . Piercing . | . . . Sneak Attacks . | . . . Combat Hostiles . | . . . Follow-up Attacks . | . . . Damage Inflicted 1694 | . 1086 608 Guns 1342 | . 1023 319 Cannons . | . . . Explosions 333 | . 44 289 Melee . | . . . Ramming 19 | . 19 . Kinetic . | . . . Thermal 1082 | . 763 319 Explosive 289 | . . 289 Electromagnetic 304 | . 304 . Impact . | . . . Slashing . | . . . Piercing . | . . . Highest Corruption 2 | . 2 2 Average Corruption 2 | . 2 2 Corruption Purged . | . . . Corruption Blocked . | . . . Effects 26 | . 17 9 Message Errors 7 | . 5 2 Matter Fused 4 | . 4 . Heat Flow Errors 4 | . 2 2 Energy Discharges 3 | . 2 1 Parts Fused 1 | . 1 . Data Loss (minor) 3 | . 1 2 Data Loss (major) 1 | . . 1 Alerts 1 | . . 1 Weapon Failures 2 | . 2 . Overload Shots . | . . . Overflow Damage 2 | . 2 . Projectiles . | . . . Explosions 2 | . 2 . Melee . | . . . Knockbacks 1 | . 1 . Impact 1 | . 1 . Kinetic . | . . . Secondary . | . . . Self-Inflicted Damage 8 | . . 8 Shots 1 | . . 1 Rammed 8 | . 8 . Targets Rammed 8 | . 8 . Kicked . | . . . Crushed . | . . . Highest Temperature 282 | . 282 225 Average Temperature 78 | . 79 60 Received Heat Transfer 564 | . 435 129 Siege Activations . | . . . Robots Corrupted . | . . . Combat Hostiles . | . . . Parts Fried 1 | . 1 . Impact Corruptions . | . . . Robots Melted . | . . . Combat Hostiles . | . . . Parts Melted 5 | . 4 1 Heat Transferred 2434 | . 1699 735 Parts Sabotaged . | . . . Parts Stolen . | . . . Parts Stripped . | . . . Power Chain Reactions 1 | . 1 . Alert | -11 -10 -10 ------- Run | Yrd Mat Sub Peak Influence 420 | . 420 . Initial . | . . . Average 212 | . 223 . Maximum Alert Level 2 | . 2 . Low Security (%) 31 | 100 27 . Level 1 65 | . 69 . Level 2 2 | . 2 . Level 3 . | . . . Level 4 . | . . . Level 5 . | . . . High Security . | . . . Max Security . | . . . Squads Dispatched 6 | . 6 . Investigation 5 | . 5 . Extermination . | . . . Reinforcement 1 | . 1 . Assault . | . . . Garrison . | . . . Intercept . | . . . Searches Triggered . | . . . Construction Impeded . | . . . Haulers Reinforced . | . . . Active Scanning Responses . | . . . Cargo Convoy Interrupts . | . . . Stealth | -11 -10 -10 --------- Run | Yrd Mat Sub Distress Signals 2 | . 2 . Communications Jammed . | . . . Distress Signals . | . . . Times Spotted 34 | . 30 4 Peak Tracking Total 5 | . 5 2 Tactical Retreats 2 | . 2 . Traps | -11 -10 -10 ------- Run | Yrd Mat Sub Traps Triggered 4 | . 4 . Indirectly . | . . . Trap Hack Attempts . | . . . Triggered . | . . . Disarmed . | . . . Reprogrammed . | . . . Reused . | . . . Traps Extracted . | . . . Installed . | . . . Triggered . | . . . Machines | -11 -10 -10 ---------- Run | Yrd Mat Sub Machines Disabled . | . . . Max in Single Turn . | . . . Machines Repaired . | . . . Machines Dismantled . | . . . Machines Sabotaged . | . . . Overloaded Fab Kills . | . . . Hacking | -11 -10 -10 --------- Run | Yrd Mat Sub Machines Accessed 8 | . 8 . Terminals 6 | . 6 . Fabricators . | . . . Repair Stations . | . . . Recycling Units 2 | . 2 . Scanalyzers . | . . . Garrison Access . | . . . Total Hacks 20 | . 20 . Successful 5 | . 5 . Failed 15 | . 15 . Catastrophic 5 | . 5 . Database Lockouts . | . . . Manual 20 | . 20 . Terminals 16 | . 16 . Fabricators . | . . . Repair Stations . | . . . Recycling Units 4 | . 4 . Scanalyzers . | . . . Garrison Access . | . . . Terminal Hacks 2 | . 2 . Branch Access Points 1 | . 1 . Recycling Unit Index 1 | . 1 . Fabricator Hacks . | . . . Repair Station Hacks . | . . . Recycling Unit Hacks . | . . . Scanalyzer . | . . . Garrison Access Hacks . | . . . Unauthorized Hacks 3 | . 3 . Terminals 1 | . 1 . Sabotage 1 | . 1 . Fabricators . | . . . Repair Stations . | . . . Recycling Units 2 | . 2 . Tunnel 2 | . 2 . Scanalyzers . | . . . Garrison Access . | . . . Data Cores Recovered . | . . . Used . | . . . Hacking Detections 6 | . 6 . Full Trace Events 5 | . 5 . Feedback Events . | . . . Feedback Blocked . | . . . Robot Schematics Acquired . | . . . Robots Built . | . . . Authchips . | . . . Time . | . . . Total Robot Build Rating . | . . . Part Schematics Acquired . | . . . Parts Built . | . . . Authchips . | . . . Time . | . . . Total Part Build Rating . | . . . Parts Repaired . | . . . Time . | . . . Parts Recycled . | . . . Recycled Matter . | . . . Retrieved Matter . | . . . Retrieved Components . | . . . Parts Scanalyzed . | . . . Part Schematics Acquired . | . . . Parts Damaged . | . . . Bothacking | -11 -10 -10 ------------ Run | Yrd Mat Sub Used RIF Installer . | . . . Robots Hacked . | . . . Non-combat . | . . . Combat . | . . . Robot Hacks Applied . | . . . Relay Couplers Released . | . . . Fabnet Peak Effective % . | . . . Robots Rewired . | . . . Allies Hacked . | . . . Hacks Repelled . | . . . Allies | -11 -10 -10 -------- Run | Yrd Mat Sub Total Allies . | . . . Largest Group . | . . . Highest-Rated Group . | . . . Highest-Rated Ally . | . . . Total Orders . | . . . Ally Attacks . | . . . Total Damage . | . . . Kills . | . . . Allies Corrupted . | . . . Allies Melted . | . . . Intel | -11 -10 -10 ------- Run | Yrd Mat Sub Robot Analysis Total . | . . . Derelict Logs Recovered 1 | . . 1 Drone Launches . | . . . Drone Recoveries . | . . . Exploration | -11 -10 -10 ------------- Run | Yrd Mat Sub Turns Passed 2011 | 68 1284 659 Spaces Moved 1091 | 40 568 483 Core 12 | 4 8 . Treads 531 | 36 495 . Legs 548 | . 65 483 Wheels . | . . . Hover . | . . . Flight . | . . . Fastest Speed 50 | 50 120 120 Average Speed 139 | 149 155 120 Slowest Speed 160 | 160 160 120 Overloaded Moves . | . . . Propulsion Burnouts . | . . . Robots Hopped . | . . . Cave-ins Triggered . | . . . Exploration Rate (%) 43 | 4 82 44 Regions Visited 2 Branch Regions 1 Pre-discovered Areas 3 | . 2 1 Known Exits Taken . | . . . Unknown Exits Taken 2 | 1 1 . Scrap Searched . | . . . Spaces Dug . | . . . Terrain Destroyed 27 | . 6 21 Melee . | . . . Projectile . | . . . AOE 27 | . 6 21 Terrain Rammed . | . . . Walls Destroyed . | . . . Machines Disabled . | . . . Actions | -11 -10 -10 --------- Run | Yrd Mat Sub Total 1396 | 46 831 519 Wait 162 | . 154 8 Move 1089 | 39 567 483 Hop . | . . . Pick Up 5 | 1 4 . Fast Attach 16 | 6 9 1 Attach 4 | . 2 2 Detach . | . . . Swap . | . . . Drop . | . . . Fire 112 | . 87 25 Melee . | . . . Ram . | . . . Kick . | . . . Crush 8 | . 8 . Escape Stasis . | . . . Rewire . | . . . Trap . | . . . Miscellaneous . | . . . Route ------- -11/Scrapyard -10/Materials (discovered 5 exits: [*Mat x2] / *Min x2 / [*Sub]) -10/Subcaves History --------- Turn | Location | Event 21 | -11/Scrapyard | Discovered new exit (range 16) 69 | -11/Scrapyard | Entered Materials 317 | -10/Materials | Build established: Mutant 375 | -10/Materials | Discovered new exit (range 14) 499 | -10/Materials | Discovered new exit (range 7) 875 | -10/Materials | Core integrity fell below 50% 976 | -10/Materials | Discovered new exit (range 15) 1012 | -10/Materials | Identified exit to Mines 1139 | -10/Materials | Lost 5 parts (1p2n2w) 1311 | -10/Materials | Discovered new exit (range 5) 1353 | -10/Materials | Entered Subcaves 1411 | -10/Subcaves | Build established: Scavenger-Mutant 1777 | -10/Subcaves | Lost 3 parts (1p2w) 1828 | -10/Subcaves | Core integrity fell below 20% 1989 | -10/Subcaves | Learned location of Storage (-9) 1997 | -10/Subcaves | Shifting Twisted Machinery released Battle Cannon 1999 | -10/Subcaves | Ambushed by Subdwellers from Twisted Machinery 2012 | -10/Subcaves | Destroyed by QG-RHI(R) with Subdweller Laser Last Messages --------------- 01754_ Acquired Sub. Power Source. 01756_ Acquired 10 matter. 01774_ System corrupted: Heat flow error (+121). 01802_ System corrupted: Component data lost. 01833_ XF-ZFP(R) destroyed. 01840_ Acquired 25 matter. 01842_ Subatomizers dissect the Sub. Power Source. 01848_ The unstable cave ceiling collapses. 01855_ C#2HDM3NYC>JOYW%GFDAAQXL FN3TW 01885_ System corrupted: Substantial component data lost. 01902_ System corrupted: Component data lost. 01989_ Acquired derelict log, extracted data. World map updated: -9/Storage. Battle Cannon falls loose from the Twisted Machinery. 01999_ QG-RHI(R) emerges from the Twisted Machinery. 02010_ JD-VTC(R) destroyed. Map ----- +----------------------------------------------------+ | ?????????????????????????????????????????????????? | | ?????????????????????????????????????????????????? | | ?????????????????????????????????????????????????? | | ?????????????????????????????????????????????????? | | ?????????????????????????????????????????????????? | | ?????????????????????????????????????????????????? | | ?????????????????????????????????????????????????? | | ?????????????????????????????????????????????????? | | ?????????????????????????????????????????????????? | | ?????????????????????????????????????????????????? | | ?????????????????????????????????????????????????? | | ?????????????????????????????????????????????????? | | ????????????????????????? ??? ????????????????? | | ???????????????????????# ??????????????? | | ???????????????????????# ??????????????? | | ?????????????????#"## ## ???????????????? | | ????????????? ???"" ? ????????????????? | | ???????????? ##"" #? ????????????????? | | ???????????? #"" #?? ???? ????????????? | | ????????????? """ "#?? ????? ???????????? | | ????????????? """"" #??? ?????? ??????????? | | ???????????# """" "#???# ?????? #??????????? | | ???????????#]" "" ##??? ##????? ##??? ????? | | ???????????""" "" ##### #????? ### ????? | | ???????????""""" ! # # #?????? ?????? | | ???????????"" "" =% @ #?????? ??????? | | ??????????"" "" R ####??? #????????? | | ??????????"" #### #????????? | | ?????????"" "" #### ##???????? | | ????????? ## ""### ## #??????? | | ????????? " #?# #####"## ##?# #???##?# | | ????????? "" #??# ?????## #### #?? ## | | ??????????" ???###??????## ## #?? | | ??????????" ??????????????# #??# ?? | | ??????????????????????????## ### #??? | | ???????????????????????????### ##? | | ?????????????????????????????## ## #? | | ??????????????????????????????## ### #? | | ???????????????????????????????####?## ##?# | | ?????????????????????????????????????## #??# | | ????????????????????????????????????### #??# | | ???????????????????????????????????## ## #?? | | ?????????????????????????????????### ##?# #? | | ????????????????????????????????## #??? #? | | ????????????????????????????????# #???? ##? | | ???????????????????????????????## ##???? #?? | | ???????????????????????????????# ##??????#?# | | ???????????????????????????????##### ##???????## | | ???????????????????????????????????## #???##### | | ???????????????????????????????????## ##??# | +----------------------------------------------------+ Best States ------------- Heat Dissipation 25 Energy Generation 15 Energy Capacity 250 Matter Stores 300 Matter Capacity 300 Sight Range 16 Terrain Scan Density 10 Evasion (%) 55 Recoil Reduction 2 Item Schematics ----------------- None Robot Schematics ------------------ None Fabricated ------------ Nothing Alien Tech Used ----------------- None Achievements -------------- None Challenges ------------ None Game ------ Seed DisassembledRemoteSpecial Manual? 0 Play Time 00:13:12 Cumulative 88.2 hours Start 2025.03.28 @ 14:00:27 End 2025.03.28 @ 17:11:07 Sessions 3 Manual Loads 0 Difficulty Rogue Special Mode None Game No. 62 Rogue 62 Adventurer 0 Explorer 0 Win Type - Total 0 Types 0/0/0/0/0/0/0/0/0 Lore% 31 Gallery% 56 Achievement% 48 Wizard Run 0 Options --------- Layout 1 ASCII 0 Keyboard 1 Movement Numpad Keybinds 0 Fullscreen 1 Font 24/Smallcaps Map View 50x35 Zoom Use 0% Tactical HUD 1 Map Filters NONE Filters NONE Steam 1 RUN: 22de8ecc-ffee-4a84-8763-ae5d10fa5bd6